 Dungeon Crawl Stone Soup version 0.31-a0-1620-gcbf77bbcfc (webtiles) character file.

Game seed: 12260887347561000827

8806 Flugslaktarn the Fighter (level 11, -7/104 HPs)
             Began as a Minotaur Fighter on Jan 11, 2024.
             Was a High Priest of Okawaru.
             Mangled by a fire elemental (13 damage)
             ... led by Azrael
             ... on level 11 of the Dungeon.
             The game lasted 00:05:40 (12889 turns).

Flugslaktarn the Fighter (Minotaur Fighter)        Turns: 12889, Time: 00:05:40

Health: -7/104     AC: 14    Str: 31    XL:     11   Next: 14%
Magic:  14/14      EV:  8    Int:  5    God:    Okawaru [*****.]
Gold:   797        SH:  0    Dex: 10    Spells: 10/10 levels left

rFire   . . .        y - +5 battleaxe
rCold   . . .        (shield currently unavailable)
rNeg    . . .        l - +0 plate armour
rPois   +            a - +2 hat
rElec   +            (no cloak)
rCorr   .            w - +1 pair of gloves
SInv    .            (no boots)
Will    .....        s - amulet of the acrobat Stlth
                     B - ring "Ighion" {*Corrode rElec rPois Str+6}
HPRegen 0.37/turn    (no ring)
MPRegen 0.14/turn

%: corrode self (3%), acrobat
@: about to teleport, corroded
A: horns 2, retaliatory headbutt
a: Renounce Religion, Heroism, Finesse, Duel


You were on level 11 of the Dungeon.
You worshipped Okawaru.
Okawaru was extremely pleased with you.
You visited 2 branches of the dungeon, and saw 13 of its levels.

You collected 797 gold pieces.

Inventory:

Hand Weapons
 o - a +2 broad axe
   (You found it on level 3 of the Dungeon)
 y - a +5 battleaxe (weapon)
   (You took it off a wight on level 7 of the Dungeon)
Missiles
 p - 5 curare-tipped darts (quivered)
 x - 2 throwing nets
Armour
 a - a +2 hat (worn)
   (You found it on level 8 of the Dungeon)
 c - a +0 buckler
 l - a +0 plate armour (worn)
   (You found it on level 10 of the Dungeon)
 w - a +1 pair of gloves (worn)
   (You found it on level 4 of the Dungeon)
Jewellery
 s - an amulet of the acrobat (around neck)
   (You found it on level 3 of the Dungeon)
 B - the ring "Ighion" (left hand) {*Corrode rElec rPois Str+6}
   (You found it on level 8 of the Dungeon)

   [ring of poison resistance]

   Str+6:     It affects your strength (+6).
   rElec:     It insulates you from electricity.
   rPois:     It protects you from poison *Corrode: It may corrode you when you
   take damage.
 D - an amulet of reflection
   (You found it on level 8 of the Dungeon)
Wands
 f - a wand of mindburst (11)
   (You found it on level 4 of the Dungeon)
 g - a wand of paralysis (7)
   (You found it on level 4 of the Dungeon)
 F - a wand of acid (4)
   (You found it on level 8 of the Dungeon)
Scrolls
 t - a scroll of teleportation
 v - 2 scrolls of fog
 z - 2 scrolls of blinking
 E - 2 scrolls of revelation
Potions
 b - a potion of mutation {unknown}
 d - a potion of might
 e - a potion of enlightenment {unknown}
 h - a potion of haste
 i - a potion of ambrosia
 j - a potion of cancellation
 k - a potion of brilliance {unknown}
 m - a potion of magic
 n - a potion of resistance
 q - 3 potions of curing
 r - 2 potions of berserk rage {unknown}
 u - 2 potions of lignification
Miscellaneous
 C - a tin of tremorstones (2/2)
   (You found it on level 10 of the Dungeon)


   Skills:
 * Level 11.7 Fighting
 * Level 11.4 Axes
 + Level 9.0 Armour
 + Level 9.0 Shields
 + Level 6.0 Invocations


You had 10 spell levels left.
You didn't know any spells.
Your spell library contained the following spells:

 Spells                   Type           Power      Damage    Failure   Level
 Magic Dart               Conj           0%         1d3       98%         1
 Shock                    Conj/Air       0%         1d3       98%         1
 Slow                     Hex            0%         N/A       98%         1
 Blink                    Tloc           0%         N/A       99%         2
 Lesser Beckoning         Tloc           0%         N/A       99%         2
 Confusing Touch          Hex            0%         N/A       100%        3
 Gell's Gravitas          Tloc           0%         N/A       100%        3
 Sigil of Binding         Hex            0%         N/A       100%        3
 Swiftness                Air            0%         N/A       100%        3
 Teleport Other           Tloc           0%         N/A       100%        3
 Vampiric Draining        Necr           0%         2d6       100%        3
 Airstrike                Air            0%         2d(0-16)  100%        4
 Call Imp                 Summ           Unusable   N/A       N/A         2

Dungeon Overview and Level Annotations

Branches:
Dungeon (12/15)            Temple (1/1) D:4            Lair (0/5) D:10
    Orc: D:9-12

Altars:
Ashenzari
Cheibriados
Dithmenos
Elyvilon
Fedhas
Gozag
Hepliaklqana
Kikubaaqudgha
Makhleb
Nemelex Xobeh
Okawaru
Qazlal
Ru
Sif Muna
Trog
Uskayaw
Vehumet
Wu Jian
Xom
Yredelemnul
Zin
The Shining One

Shops:
D:5 *   D:8 (

Annotations:
D:6 1 runed translucent door, Crazy Yiuf
D:9 exclusion: oklob plant
D:11 Azrael


Innate Abilities, Weirdness & Mutations

You have a pair of horns on your head.
You reflexively headbutt those who attack you in melee.


Message History

There is a stone staircase leading down here.
An orc comes into view. It is wielding a +0 hand axe.
The orc shouts!
An orc wizard comes into view. It is wielding a +0 dagger.
The orc wizard shouts!
You hear a shout!
An orc wizard comes into view. It is wielding a +0 dagger.
An orc priest comes into view. It is wielding a +0 short sword.
The orc priest shouts!
There are monsters nearby!
The orc priest looks braver for a moment.
The orc wizard mumbles some strange words.
The orc wizard flickers and vanishes!
Deactivating autopickup; reactivate with Ctrl-A.
There are monsters nearby!
Unknown command.
There are monsters nearby!
The orc barely misses you.
You slash the orc!
You kill the orc!
Okawaru accepts your kill.
No target in view!
No target in view!
No target in view!
No target in view!
No target in view!
Things that are here:
a +0 hand axe; a +0 leather armour You slice the orc wizard!!
You kill the orc wizard!
Okawaru accepts your kill.
Your Invocations skill increases to level 6!
You slash the orc priest!
You kill the orc priest!
Okawaru accepts your kill.
You miss something. Your headbutt misses something.
Something completely misses you.
No target in view!
You barely miss something. Your headbutt misses something.
Something hits you but does no damage.
No target in view!
You slice something!! Okawaru accepts your kill.
Reactivating autopickup.
You feel a bit more experienced.
Your Armour skill increases to level 9!
No target in view!
You now have 797 gold pieces (gained 9).
Items here: ))) [[ †.
No target in view!
Found an escape hatch in the floor.
You see here 4 stones.
r - 2 fizzy pink potions (gained 1)
There is a stone staircase leading down here.
You see here 4 stones.
Done exploring.
Done exploring.
Done exploring.
No target in view!
No target in view!
No target in view!
No target in view!
Done exploring.
Done exploring.
There is a stone staircase leading down here.
You climb downwards.
The hell hound barks! x2; You hear a bark!
Found a wand of flame (8).
There is a stone staircase leading up here.
There are monsters nearby!
Unknown command.
The fire elemental hits you. The fire elemental burns you!
The fire elemental closely misses you. You furiously retaliate!
You headbutt the fire elemental. Azrael gestures at you.
The bolt of fire hits you!!
You climb upwards.
There is a stone staircase leading down here.
Okay, then.
As you read the scroll of teleportation, it crumbles to dust.
You feel strangely unstable. The fire elemental hits you.
The fire elemental burns you!
Your corrosive artefact corrodes you!
The fire elemental hits you. The fire elemental burns you!
Azrael hits you with a +4 scimitar of flaming!
* * * LOW HITPOINT WARNING * * *
Azrael burns you.
* * * LOW HITPOINT WARNING * * *
You slice Azrael!! You headbutt Azrael!
Azrael is moderately wounded.
You miss the fire elemental. You closely miss the fire elemental.
The fire elemental hits you. The fire elemental burns you!
* * * LOW HITPOINT WARNING * * *
The fire elemental hits you. The fire elemental burns you!
* * * LOW HITPOINT WARNING * * *
Azrael hits you but does no damage. The fire elemental barely misses you.
The fire elemental hits you. The fire elemental burns you!
* * * LOW HITPOINT WARNING * * *
You feel better. The fire elemental hits you. The fire elemental burns you!
* * * LOW HITPOINT WARNING * * *
The fire elemental hits you. The fire elemental burns you!
You die...

#..#..# #...........##..######
##.#..#### #..........<.....#####
##.......# #..........#..........
.##......# #..........#..........
.........# #.....................
...).....###.....[....>..........
.##.....>#.......................
...............REE.....##########
####.....###....@......# #
#.....(#.....##.##.##
###........#.#.......#
##......#.#.#.####...##
...######.....####..## ####
###...##...### ##.........#
#.........# #.........#


You could see Azrael and 2 fire elementals.

Vanquished Creatures
  A cyclops (D:10)
  An ugly thing (D:10)
  2 trolls (D:11)
  A wraith (D:11)
  3 wyverns (D:10)
  13 yaks
  Grum (D:8)
  2 steam dragons
  4 water moccasins (D:10)
  An acid dragon (D:9)
  5 ice beasts
  An orc warrior (D:10)
  A sky beast (D:6)
  A black bear (D:5)
  2 ogres
  6 centaurs
  6 wolves
  A bullfrog (D:7)
  2 kobold brigands
  A scorpion (D:5)
  11 wights
  11 killer bees
  2 howler monkeys
  2 jellies
  2 hounds (D:5)
  3 orc priests
  5 bombardier beetles
  A gnoll bouda (D:6)
  3 iguanas (D:7)
  4 sleepcaps
  3 orc wizards
  10 gnolls
  11 adders
  2 shadow imps
  3 white imps
  4 ufetubi
  4 dart slugs
  2 ribbon worms
  19 orcs
  4 endoplasms
  6 giant cockroaches
  8 hobgoblins
  15 kobolds
  5 quokkas
  2 ball pythons
  4 bats
  5 frilled lizards
  3 goblins
  9 rats
218 creatures vanquished.

Vanquished Creatures (collateral kills)
  An orc priest (D:4)
  2 orcs (D:4)
3 creatures vanquished.

Grand Total: 221 creatures vanquished

Notes
Turn   | Place    | Note
-------+----------+-------------------------------------------
     0 | D:1      | Flugslaktarn the Minotaur Fighter began the quest for the
                  | Orb.
     0 | D:1      | Reached XP level 1. HP: 19/19 MP: 0/0
   181 | D:1      | Reached XP level 2. HP: 25/27 MP: 1/1
   534 | D:1      | Reached XP level 3. HP: 33/33 MP: 2/2
   929 | D:2      | Found a hazy altar of Hepliaklqana.
  2201 | D:3      | Reached XP level 4. HP: 41/41 MP: 3/3
  2295 | D:3      | Found a radiant altar of Vehumet.
  2410 | D:3      | Found a shimmering altar of Xom.
  2416 | D:3      | Found a glowing golden altar of the Shining One.
  2646 | D:3      | Found a sacrificial altar of Ru.
  3197 | D:4      | Noticed an ogre
  3201 | D:4      | Killed an ogre
  3202 | D:4      | Reached skill level 5 in Fighting
  3202 | D:4      | Reached XP level 5. HP: 40/48 MP: 4/4
  3217 | D:4      | Reached XP level 6. HP: 47/56 MP: 5/5
  3297 | D:4      | Found a broken altar of Ashenzari.
  3353 | D:4      | Found a staircase to the Ecumenical Temple.
  3392 | Temple   | Entered the Ecumenical Temple
  3413 | Temple   | Became a worshipper of Warmaster Okawaru
  3569 | D:4      | Reached skill level 5 in Axes
  4728 | D:5      | Entered Level 5 of the Dungeon
  4728 | D:5      | Noticed an ice beast
  4733 | D:5      | Killed an ice beast
  4734 | D:5      | Reached skill level 5 in Shields
  4865 | D:5      | Reached skill level 1 in Invocations
  4865 | D:5      | Reached XP level 7. HP: 27/63 MP: 6/6
  4867 | D:5      | Reached skill level 5 in Armour
  5107 | D:5      | Reached * piety under Okawaru
  5136 | D:5      | Found a glowing silver altar of Zin.
  5136 | D:5      | Found Zin's Purification Station.
  5821 | D:5      | Reached XP level 8. HP: 24/73 MP: 8/8
  5828 | D:5      | Reached ** piety under Okawaru
  6506 | D:6      | Found a hazy altar of Hepliaklqana.
  6912 | D:6      | Found a runed translucent door.
  6913 | D:6      | Noticed Crazy Yiuf
  8097 | D:7      | Identified the +0 robe of Zaty {rElec Will- Regen+ Slay-3}
  8153 | D:7      | Reached XP level 9. HP: 79/82 MP: 10/10
  8601 | D:7      | Reached *** piety under Okawaru
  9116 | D:8      | Identified the ring "Ighion" {*Corrode rElec rPois Str+6}
  9121 | D:8      | Found an opulent altar of Gozag.
  9145 | D:8      | Found a snail-covered altar of Cheibriados.
  9161 | D:8      | Found a hide-covered altar of Uskayaw.
  9244 | D:8      | Noticed Grum
  9271 | D:8      | HP: 4/83 [Grum/-2 spear (6)]
  9273 | D:8      | Found a burning altar of Makhleb.
  9517 | D:8      | Killed Grum
  9601 | D:8      | Found a basalt altar of Yredelemnul.
  9618 | D:8      | Found Xelaphigio's Antique Weapon Shoppe.
  9803 | D:8      | Identified the serpent talisman of the Watchman {rElec rC+
                  | Slay+3}
  9905 | D:8      | Found an ancient bone altar of Kikubaaqudgha.
 10260 | D:9      | Reached **** piety under Okawaru
 10269 | D:9      | Reached skill level 10 in Fighting
 10269 | D:9      | Reached XP level 10. HP: 37/93 MP: 12/12
 10860 | D:9      | Reached skill level 10 in Axes
 10860 | D:9      | Reached skill level 5 in Invocations
 11017 | D:9      | Found a blossoming altar of Fedhas.
 11029 | D:9      | Noticed an oklob plant
 11527 | D:10     | Entered Level 10 of the Dungeon
 11555 | D:10     | Noticed a brown ugly thing
 11565 | D:10     | Killed a brown ugly thing
 11577 | D:10     | Noticed a cyclops
 11587 | D:10     | Killed a cyclops
 11587 | D:10     | Reached ***** piety under Okawaru
 11635 | D:10     | Found a staircase to the Lair.
 11706 | D:10     | Received a gift from Okawaru
 12002 | D:10     | Reached XP level 11. HP: 76/102 MP: 14/14
 12095 | D:10     | Found a sparkling altar of Nemelex Xobeh.
 12884 | D:12     | Noticed Azrael
 12889 | D:11     | Mangled by a fire elemental

Illustrated notes

Levels and vault maps discovered:
D:1:      psy_arrival_radial01, layout_basic
D:2:      wad_crossroads, layout_basic, basic_altar
D:3:      layout_loops_cross, jmf_multi_god_temple,
          mainiacjoe_overflow_alcove_2, nicolae_vehumet_altar_sigil,
          minmay_fountain_box
D:4:      layout_layer_cave, ashenzari_altar_1, minmay_temple_entry_junction_2
D:5:      layout_basic, zin_purify, hangedman_abyss_or_decor_stagger,
          kennysheep_generic_room_6
D:6:      minmay_evil_eye, layout_loops_ring, nicolae_hepliaklqana_hazy_memory,
          minmay_tree_intersection, minmay_splitting_lines,
          lexackson_kobold_supper, uniq_crazy_yiuf_cottage
D:7:      layout_loops_corners
D:8:      layout_rooms, mainiacjoe_overflow_catwalk,
          mainiacjoe_overflow_chevrons, grunt_gozag_statues,
          mainiacjoe_overflow_tiny_flanked, slow_altar_1, lemuel_tele_altar,
          serial_shops, shop, dreamdust_princess_bridge, uniq_grum
D:9:      nicolae_cairo_tiling_very_big, layout_long_grid, tgw_fedhas,
          minmay_misc_feat_x
D:10:     layout_rooms, amcnicky_altar_gilded, minmay_lair_entry_grove
D:11:     layout_rooms
D:12:     layout_loops_cross, orc_0_dummy, serial_shops, shop,
          kennysheep_generic_room_14, uniq_azrael, uniq_fannar
Temple:   hellmonk_temple_of_storms

Skill      XL: |  1  2  3  4  5  6  7  8  9 10 11 |
---------------+----------------------------------+-----
Fighting       | 4 5 6 7 8 10 11 | 11.7
Axes           | 3 4 5 6 8 9 11 | 11.4
Shields        | 4 5 6 7 8 9 |  9.0
Armour         | 4 5 6 7 8 9 |  9.0
Invocations    | 1 2 3 4 5 6 |  6.0

Action                     |  1- 3 |  4- 6 |  7- 9 | 10-12 || total
---------------------------+-------+-------+-------+-------++-------
  Melee: War axe           |    88 |    18 |       |       ||   106
         Headbutt          |     9 |    10 |    41 |    19 ||    79
         Broad axe         |       |    49 |   154 |       ||   203
         Battleaxe         |       |       |    80 |   117 ||   197
 Invoke: Heroism           |       |       |       |     1 ||     1
  Evoke: Wand              |       |       |     2 |       ||     2
    Use: Scroll            |       |    15 |     4 |     3 ||    22
         Potion            |       |       |     7 |     1 ||     8
   Stab: Distracted        |       |     1 |       |       ||     1
         Paralysed         |       |       |     2 |       ||     2
 Armour: Scale mail        |    65 |    61 |   241 |    55 ||   422
         Skin              |       |       |    19 |       ||    19
         Plate armour      |       |       |       |   118 ||   118
  Dodge: Dodged            |    35 |    34 |   159 |   116 ||   344
  Block: Buckler           |    26 |    19 |    32 |       ||    77

Table legend: (Time is in decaauts)
 A = Elapsed time spent in this place.
 B = Non-inter-level travel time spent in this place.
 C = Inter-level travel time spent in this place.
 D = Time resting spent in this place.
 E = Time spent auto-exploring this place.
 F = Levels seen in this place.
 G = Mean time per level.
                   A        B        C        D        E       F      G
               +--------+--------+--------+--------+--------+-----+--------+
         Total |  13026 |  12609 |    417 |   1412 |   9742 |  13 | 1002.0 |
       Dungeon |  12984 |  12607 |    377 |   1412 |   9742 |  12 | 1082.0 |
        Temple |     42 |      2 |     40 |      0 |      0 |   1 |   42.0 |
               +--------+--------+--------+--------+--------+-----+--------+

Top non-repeatable levels by time:
     D:5: 1698 daAuts
     D:4: 1690 daAuts
     D:7: 1448 daAuts
     D:9: 1371 daAuts
     D:6: 1355 daAuts
     D:2: 1287 daAuts
     D:1: 934 daAuts
     D:3: 922 daAuts
    D:10: 922 daAuts
     D:8: 903 daAuts
    D:11: 446 daAuts
  Temple: 42 daAuts
    D:12: 1 daAuts
